[Event "Team 45 45 League T56"]
[Site "Internet Chess Club"]
[Date "2013.03.04"]
[Round "2"]
[White "dscvdchk"]
[Black "Mitochondria"]
[Result "0-1"]
[WhiteElo "1480"]
[BlackElo "1460"]
[Opening "QGD: 4.Nf3"]
[ECO "D37"]
[Time "17:06:20"]
[TimeControl "2700+45"]

1. Nf3 d5 2. d4 Nf6 3. c4 e6 4. Nc3 Be7 5. g3 O-O 6. Bg2 c5 7. cxd5 Nxd5 8. O-O
cxd4 9. Nxd4 Nxc3 10. bxc3 Nd7 11. Nb3 Qc7 12. Bb2 Rd8 13. Qe1 Rb8 14. Rc1 b6
15. e4 Ba6 16. c4 Ne5 17. Bxe5 Qxe5 18. Qc3 Bf6 19. Qxe5 Bxe5 20. Rc2 Rbc8 21.
Rfc1 g6 22. Bf1 Bb7 23. Bg2 Bg7 24. Re1 Rd7 25. f3 Rcd8 26. Rcc1 Bd4+ 27. Nxd4
Rxd4 28. c5 bxc5 29. Rxc5 Rd1 30. Rc1 Rxe1+ 31. Rxe1 Rd2 32. Ra1 Ba6 33. a4 Kf8
34. h3 Ke7 35. f4 Be2 36. Ra3 Rd3 37. Rxd3 Bxd3 38. Kf2 Kd7 39. e5 Kc7 40. Bf3
Kb6 41. Bd1 Be4 42. Ke3 Bc6 43. Kd4 Ka5 44. Kc5 Bxa4 45. Bxa4 Kxa4 46. Kc4 h5
47. h4 a5 48. Kc5 Kb3 49. Kd6 a4 50. Ke7 a3 51. Kxf7 a2 52. Kxe6 a1=Q 53. Kf7
Qg1 54. e6 Qxg3 55. e7 Qxf4+ 56. Kxg6 Qe5 57. Kf7 Qf5+ 58. Ke8 Kc4 59. Kd8 Qd5+
60. Ke8 Kc5 61. Kf8 Qf5+ 62. Kg7 Qe6 63. Kf8 Qf6+ 64. Ke8 Kd6 {White resigns}
0-1

[Event "Team 45 45 League T56"]
[Site "Internet Chess Club"]
[Date "2013.02.28"]
[Round "2"]
[White "Zyme"]
[Black "BrerRabbit"]
[Result "0-1"]
[WhiteElo "1314"]
[BlackElo "1466"]
[Opening "King's Indian: orthodox variation"]
[ECO "E94"]
[Time "20:02:56"]
[TimeControl "2700+45"]

1. d4 Nf6 2. c4 g6 3. Nc3 Bg7 4. Nf3 O-O 5. e4 d6 6. Be2 e5 7. O-O Na6 8. Be3
Ng4 9. Bg5 Qe8 10. h3 h6 11. Bd2 exd4 12. Nd5 Nf6 13. Nxf6+ Bxf6 14. Bxh6 Bg7
15. Bxg7 Kxg7 16. Qxd4+ f6 17. Rad1 Nc5 18. Nd2 Bd7 19. Rfe1 Rh8 20. Bf3 Qe5 21.
Qxe5 fxe5 22. Re3 Raf8 23. b4 Ne6 24. Bg4 Rf7 25. Nf3 Nf8 26. Ng5 Rf6 27. Bxd7
Nxd7 28. Rdd3 Rhf8 29. Rf3 Kh6 30. Rxf6 Rxf6 31. Rg3 Rf4 32. f3 Rf6 33. Rg4 b6
34. a4 a5 35. b5 Nc5 36. Kf2 Nxa4 37. Ke3 {White resigns} 0-1

[Event "Team 45 45 League T56"]
[Site "Internet Chess Club"]
[Date "2013.03.03"]
[Round "2"]
[White "sere"]
[Black "chuckh2"]
[Result "1-0"]
[WhiteElo "1211"]
[BlackElo "1299"]
[Opening "QGD semi-Slav"]
[ECO "D43"]
[Time "12:40:58"]
[TimeControl "2700+45"]

1. d4 d5 2. Nf3 Nf6 3. c4 c6 4. Nc3 e6 5. Bf4 dxc4 6. e4 Bb4 7. e5 Nd5 8. Bd2 b5
9. Nxd5 Bxd2+ 10. Qxd2 Qxd5 11. Be2 Nd7 12. O-O Bb7 13. Rfd1 O-O 14. Rac1 Qe4
15. b3 cxb3 16. axb3 Qd5 17. b4 f6 18. Qf4 fxe5 19. Qh4 Rf4 20. Qh3 e4 21. Qg3
Raf8 22. Ng5 Qf5 23. Rf1 Rf6 24. Nh3 Rg6 25. Qxf4 Qxh3 26. Qxe4 Nf6 27. Qf3 Qxf3
28. Bxf3 Nd5 29. Rfe1 Rf6 30. Bxd5 exd5 31. Re7 Rf7 32. Re6 h6 33. f3 Rf4 34.
Kf2 Rxd4 35. Re7 Rc4 36. Ra1 Rxb4 37. Rxb7 Rb2+ 38. Kg3 Kh7 39. Raxa7 Kg6 40.
Rxg7+ Kf6 41. Raf7+ Ke5 42. Rg6 Rc2 43. Rxh6 b4 44. Rb7 Rc4 45. h4 Kd4 46. h5
Kc3 47. Rd6 b3 48. h6 b2 49. h7 Rb4 50. h8=Q+ Kc4 51. Rxb4+ Kxb4 52. Qxb2+
{Black resigns} 1-0

[Event "Team 45 45 League T56"]
[Site "Internet Chess Club"]
[Date "2013.03.01"]
[Round "2"]
[White "pereelcoix"]
[Black "Hal2001"]
[Result "1/2-1/2"]
[WhiteElo "1542"]
[BlackElo "1621"]
[Opening "Robatsch (modern) defense"]
[ECO "B06"]
[Time "10:05:04"]
[TimeControl "2700+45"]

1. e4 g6 2. Nf3 Bg7 3. d4 c5 4. dxc5 Qa5+ 5. c3 Qxc5 6. Be3 Qc7 7. Be2 Nf6 8.
Nbd2 O-O 9. O-O d6 10. Bd4 Nc6 11. Be3 Rd8 12. Bb5 Bd7 13. Bxc6 bxc6 14. Ng5
Rab8 15. Qc2 h6 16. Ngf3 Rb7 17. b3 c5 18. a3 a5 19. b4 axb4 20. cxb4 Ng4 21.
Rac1 Nxe3 22. fxe3 Rc8 23. bxc5 Bb2 24. Rce1 Bxa3 25. Qa2 Bxc5 26. Ng5 e6 27.
Nxf7 Kg7 28. Nb3 Rf8 29. Qf2 Bb5 30. Qf6+ Kh7 31. Ng5+ hxg5 32. Qxf8 Bxf1 33.
Nxc5 Rb8 34. Nxe6 Rxf8 35. Nxc7 Bc4 36. Rc1 Bg8 37. Rc6 Rc8 38. Kf2 Kh6 39. Kf3
Bb3 40. Rc3 Bd1+ 41. Kg3 Kh5 42. Rd3 Bc2 43. Rc3 Bxe4 44. Nd5 {Game drawn by
mutual agreement} 1/2-1/2

[Event "Team 45 45 League T56"]
[Site "Internet Chess Club"]
[Date "2013.03.02"]
[Round "2"]
[White "MinnArkie"]
[Black "BrianWood"]
[Result "1/2-1/2"]
[WhiteElo "1584"]
[BlackElo "1436"]
[Opening "English, 1...Nf6 (Anglo-Indian defense)"]
[ECO "A15"]
[Time "20:00:35"]
[TimeControl "2700+45"]

1. c4 Nf6 2. g3 d6 3. Bg2 g6 4. Nc3 Bg7 5. d3 O-O 6. Bg5 c6 7. e4 e5 8. Nge2
Nbd7 9. O-O a5 10. a3 b6 11. b4 axb4 12. axb4 Rxa1 13. Qxa1 h6 14. Bd2 Bb7 15.
Qc1 Kh7 16. f4 exf4 17. Bxf4 Ne5 18. Rd1 c5 19. bxc5 g5 20. Be3 dxc5 21. d4 cxd4
22. Bxd4 Qe7 23. Bxb6 Nxc4 24. Bf2 Nxe4 25. Nxe4 Nb2 26. Nxg5+ Qxg5 27. Qc2+ Qg6
{Game drawn by mutual agreement} 1/2-1/2

[Event "Team 45 45 League T56"]
[Site "Internet Chess Club"]
[Date "2013.03.04"]
[Round "2"]
[White "otib2006"]
[Black "PaulRichard"]
[Result "1/2-1/2"]
[WhiteElo "1295"]
[BlackElo "1515"]
[Opening "Queen's pawn: Yusupov-Rubinstein system"]
[ECO "A40"]
[Time "18:07:04"]
[TimeControl "2700+45"]

1. d4 e6 2. Nf3 Nf6 3. e3 b6 4. Bd3 Bb7 5. O-O c5 6. c3 Be7 7. Nbd2 d5 8. Qe2
Nbd7 9. e4 dxe4 10. Nxe4 Nxe4 11. Bxe4 Bxe4 12. Qxe4 Nf6 13. Qc6+ Kf8 14. Qa4
Qd7 15. Qxd7 Nxd7 16. Bf4 cxd4 17. Rfd1 Nf6 18. Nxd4 Nd5 19. Bg3 Rc8 20. Nb5 a6
21. Nd4 Bc5 22. Re1 Bxd4 23. cxd4 Rc4 24. Rac1 Rxc1 25. Rxc1 Ke7 26. Rc6 Kd7 27.
Rd6+ Ke7 28. Rc6 Kd7 29. Rd6+ Ke7 30. Rc6 {Game drawn by repetition} 1/2-1/2

[Event "Team 45 45 League T56"]
[Site "Internet Chess Club"]
[Date "2013.03.03"]
[Round "2"]
[White "medsurg"]
[Black "Andaluz"]
[Result "0-1"]
[WhiteElo "1279"]
[BlackElo "1108"]
[Opening "QGD: Ragozin variation"]
[ECO "D38"]
[Time "14:01:00"]
[TimeControl "2700+45"]

1. d4 Nf6 2. Nf3 d5 3. c4 e6 4. Nc3 Bb4 5. Qc2 Nbd7 6. a3 Be7 7. cxd5 Nxd5 8. e4
Nxc3 9. Qxc3 b6 10. Bb5 O-O 11. Bf4 c5 12. Bc6 cxd4 13. Qxd4 Ba6 14. Bxa8 Qxa8
15. b4 Rd8 16. Qb2 Qxe4+ 17. Be3 Bf6 18. Qc1 Qd3 19. Ra2 Bc3+ 20. Rd2 Qe2#
{White checkmated} 0-1

[Event "Team 45 45 League T56"]
[Site "Internet Chess Club"]
[Date "2013.03.02"]
[Round "2"]
[White "room-matt"]
[Black "LittleButton"]
[Result "1/2-1/2"]
[WhiteElo "1785"]
[BlackElo "1781"]
[Opening "Queen's pawn game"]
[ECO "A45"]
[Time "03:05:25"]
[TimeControl "2700+45"]

1. d4 Nf6 2. Nc3 e6 3. Bg5 c5 4. Nf3 b6 5. e4 cxd4 6. Nxd4 d6 7. Bc4 Be7 8. Qf3
e5 9. Bxf6 Bxf6 10. Nf5 Qc7 11. Bd5 Nc6 12. Nb5 Qd7 13. Nfxd6+ Kf8 14. Rd1 a6
15. Qb3 Bb7 16. Nxf7 axb5 17. Nxh8 Nd4 18. Qd3 Bxd5 19. exd5 Qxd5 20. O-O e4 21.
Qe3 Qe5 22. c3 Nf5 23. Qxb6 Qe8 24. Rfe1 Kg8 25. Nf7 Kxf7 26. Qb7+ Ne7 27. Qxe4
Kg8 28. Qe6+ Qf7 29. Qb6 Qxa2 30. Qxb5 Rf8 31. Rd7 Ng6 32. Red1 Qa8 33. Qc4+ Kh8
34. Qe2 Nf4 35. Qg4 Qe4 36. f3 Ne2+ 37. Kh1 Qxg4 38. fxg4 Nf4 39. g3 Ng6 40. h3
h6 41. Kg2 Rb8 42. R1d2 Ne5 43. Rc7 Bg5 44. Re2 Bf6 45. b4 Rd8 46. b5 Rb8 47. c4
Nxc4 48. Rxc4 Rxb5 49. Re8+ Kh7 50. h4 Kg6 51. Rcc8 Rb3 52. Rc7 Rb5 53. Kf3 Rb3+
54. Kf4 Rb4+ 55. Re4 Rb1 56. h5+ Kh7 57. Kf5 Rb5+ 58. Ke6 Rb3 59. g5 hxg5 60. g4
Rb8 61. Kf7 Rd8 62. Re8 Rxe8 63. Kxe8 Kg8 64. Kd7 Kf7 65. Kd6+ Ke8 66. Ke6 Kd8
67. Rd7+ Kc8 68. Rf7 Bc3 69. Kf5 Kd8 70. Kxg5 Ke8 71. Kg6 Bd4 72. g5 Bc3 73.
Rxg7 Kf8 74. Rf7+ Kg8 75. h6 Bb4 76. h7+ Kh8 77. Kh6 Be7 78. g6 Bg5+ 79. Kxg5
{Black stalemated} 1/2-1/2

[Event "Team 45 45 League T56"]
[Site "Internet Chess Club"]
[Date "2013.03.02"]
[Round "2"]
[White "Signalman"]
[Black "Manch"]
[Result "1-0"]
[WhiteElo "1537"]
[BlackElo "1593"]
[Opening "Sicilian: Taimanov variation"]
[ECO "B46"]
[Time "09:35:37"]
[TimeControl "2700+45"]

1. e4 c5 2. Nf3 e6 3. d4 cxd4 4. Nxd4 Nc6 5. Nc3 a6 6. Be2 Nf6 7. a3 Be7 8. O-O
O-O 9. Kh1 b5 10. f4 Bb7 11. Bf3 Bc5 12. Be3 Nxd4 13. Bxd4 Bxd4 14. Qxd4 Ne8 15.
Rad1 d6 16. a4 bxa4 17. Nxa4 Qc7 18. c3 Bc6 19. Nb6 Rb8 20. Nc4 Bb5 21. Be2 Rd8
22. Rfe1 d5 23. e5 f6 24. Na3 Bxe2 25. Rxe2 fxe5 26. Rxe5 Qd6 27. Rde1 Nc7 28.
g3 Qc6 29. Rg5 Rf6 30. Qxf6 d4+ 31. Kg1 g6 32. Qxd8+ Kg7 {Black resigns} 1-0

[Event "Team 45 45 League T56"]
[Site "Internet Chess Club"]
[Date "2013.03.03"]
[Round "2"]
[White "birk113"]
[Black "werty"]
[Result "0-1"]
[WhiteElo "1496"]
[BlackElo "1568"]
[Opening "French: advance, Paulsen attack"]
[ECO "C02"]
[Time "14:36:32"]
[TimeControl "2700+45"]

1. e4 e6 2. d4 d5 3. e5 c5 4. c3 Nc6 5. Nf3 Qb6 6. Be2 cxd4 7. cxd4 Nh6 8. Nc3
Nf5 9. Na4 Qa5+ 10. Bd2 Bb4 11. Bc3 Bxc3+ 12. Nxc3 Qb6 13. Bb5 Bd7 14. Bxc6 Bxc6
15. Qd2 Bb5 16. Nxb5 Qxb5 17. a4 Qd7 18. O-O O-O 19. b4 b6 20. a5 Rfc8 21. Rfc1
b5 22. Rxc8+ Rxc8 23. Rc1 Rc4 24. Rxc4 dxc4 25. g4 Ne7 26. Ne1 Nd5 27. Nc2 a6
28. h4 Qe7 29. g5 f6 30. f4 fxg5 31. fxg5 Qf7 32. Qf2 Qf4 33. Qxf4 Nxf4 34. Kf2
h6 35. Kf3 hxg5 36. hxg5 Nd5 37. g6 Ne7 38. Ke4 Nxg6 39. d5 exd5+ 40. Kxd5 Ne7+
41. Kc5 g5 42. Ne3 Kf7 43. Kb6 Ke6 44. Kxa6 Nd5 45. Kxb5 Nxe3 46. a6 Nd5 47. a7
Nc7+ 48. Kb6 Kd7 {White resigns} 0-1

[Event "Team 45 45 League T56"]
[Site "Internet Chess Club"]
[Date "2013.03.03"]
[Round "2"]
[White "RdgMx"]
[Black "Grenadier"]
[Result "1-0"]
[WhiteElo "1853"]
[BlackElo "1703"]
[Opening "Queen's pawn game"]
[ECO "A46"]
[Time "14:19:07"]
[TimeControl "2700+45"]

1. d4 Nf6 2. Nf3 e6 3. Bf4 d5 4. h3 Bd6 5. Ne5 Nc6 6. e3 a6 7. Nd2 O-O 8. Ndf3
Ne7 9. Bd3 c5 10. c3 cxd4 11. exd4 Ng6 12. Nxg6 hxg6 13. Bxd6 Qxd6 14. O-O Bd7
15. Re1 b5 16. a3 a5 17. Ne5 b4 18. axb4 axb4 19. Qc2 Rfc8 20. Rxa8 Rxa8 21.
cxb4 Qxb4 22. Qc3 Rb8 23. Re2 Be8 24. Rc2 Qxc3 25. bxc3 Rc8 26. Kf1 Nh5 27. g3
Nf6 28. Ke2 Nd7 29. Nxd7 Bxd7 30. h4 Kf8 31. Kd2 Ke7 32. Ra2 Rb8 33. Ra7 Kd8 34.
Kc2 Be8 35. f3 Rc8 36. Kd2 Bd7 37. g4 f5 38. g5 Rb8 39. Kc2 Ke7 40. c4 dxc4 41.
Bxc4 Rc8 42. Kd3 Kd6 43. Ra6+ Rc6 44. Rxc6+ Bxc6 45. f4 Bd5 46. Bb5 Bc6 47. Bc4
Bd7 48. Ke3 Kc6 49. Kd3 Kb6 50. Kc3 Ka5 51. Ba2 Kb5 52. Bc4+ Kc6 53. Bb3 Kd6 54.
Bc4 Ba4 55. Kd3 Bc6 56. Ke3 Bd5 57. Bb5 Bb3 58. Be8 Ke7 59. Bxg6 Bd1 60. d5 Bc2
61. dxe6 Kxe6 62. Kd4 Be4 63. h5 Ke7 64. Ke5 {Black resigns} 1-0

[Event "Team 45 45 League T56"]
[Site "Internet Chess Club"]
[Date "2013.03.03"]
[Round "2"]
[White "zepled37"]
[Black "pereelcoix"]
[Result "0-1"]
[WhiteElo "1521"]
[BlackElo "1558"]
[Opening "Sicilian: Nimzovich-Rossolimo attack (without ...d6)"]
[ECO "B30"]
[Time "10:09:51"]
[TimeControl "2700+45"]

1. e4 c5 2. Nf3 Nc6 3. Bb5 e6 4. Bxc6 bxc6 5. d3 Nf6 6. O-O Be7 7. Nc3 O-O 8.
Re1 d5 9. h3 d4 10. Na4 h6 11. b3 Rb8 12. Ba3 Nd7 13. c3 e5 14. Qc2 Ba6 15. Rad1
Bb5 16. cxd4 cxd4 17. Bxe7 Qxe7 18. Nb2 c5 19. Nc4 Qf6 20. Rc1 a6 21. Qd2 Bxc4
22. Rxc4 Rb5 23. Rec1 Rfb8 24. R4c2 a5 25. Qd1 Qg6 26. Nh4 Qg5 27. Qg4 Qxg4 28.
hxg4 a4 29. bxa4 Ra5 30. Rc4 Rb2 31. R1c2 Rb1+ 32. Kh2 Rd1 33. Nf5 Rxd3 34. Ne7+
Kf8 35. Nd5 Ra3 36. f3 R3xa4 37. Rxa4 Rxa4 38. Kg3 d3 39. Rb2 c4 40. Kf2 Ra3 41.
Ke1 f6 42. Kd2 Nc5 43. Nc3 Na4 44. Nxa4 Rxa4 45. Kc3 Ke7 46. Rb7+ Ke6 47. Rb2
Kd6 48. Rd2 Kc5 49. Rb2 Ra3+ 50. Kd2 c3+ 51. Kxd3 cxb2+ 52. Kc2 Rxa2 53. Kb1
Ra1+ 54. Kxb2 {White resigns} 0-1

[Event "Team 45 45 League T56"]
[Site "Internet Chess Club"]
[Date "2013.03.03"]
[Round "2"]
[White "sockmonkey"]
[Black "GoIrish"]
[Result "1-0"]
[WhiteElo "1675"]
[BlackElo "1581"]
[Opening "King's Indian: Kramer system"]
[ECO "E70"]
[Time "07:00:05"]
[TimeControl "2700+45"]

1. d4 Nf6 2. c4 g6 3. Nc3 Bg7 4. e4 d6 5. Nge2 O-O 6. Ng3 e5 7. d5 a5 8. Be2 Na6
9. h4 h5 10. Bg5 Bd7 11. Bxh5 Qc8 12. Be2 Nh7 13. Be3 f5 14. exf5 gxf5 15. Bd2
Nf6 16. h5 Ng4 17. h6 Bf6 18. f3 f4 19. Nge4 Ne3 20. Bxe3 fxe3 21. Nxf6+ Rxf6
22. Ne4 Rg6 23. g4 Qf8 24. Qb3 Nb4 25. O-O-O Rxh6 26. Qxe3 Rxh1 27. Rxh1 Qf4 28.
Qxf4 exf4 29. Nf6+ Kg7 30. Nxd7 Re8 31. Kd2 Na6 32. Bd3 Re7 33. Rh7+ {Black
resigns} 1-0

[Event "Team 45 45 League T56"]
[Site "Internet Chess Club"]
[Date "2013.03.04"]
[Round "2"]
[White "BrerRabbit"]
[Black "Andressa"]
[Result "1/2-1/2"]
[WhiteElo "1465"]
[BlackElo "1443"]
[Opening "Queen's pawn, Mason variation"]
[ECO "D00"]
[Time "19:02:44"]
[TimeControl "2700+45"]

1. d4 d5 2. Bf4 Nf6 3. e3 e6 4. Bd3 b6 5. c3 Bb7 6. Nd2 Be7 7. h3 Nbd7 8. Ngf3
O-O 9. O-O Ne4 10. a4 c5 11. Qe2 c4 12. Bc2 h6 13. Nxe4 dxe4 14. Nd2 g5 15. Bg3
f5 16. Nxc4 f4 17. Bh2 f3 18. Qd2 fxg2 19. Kxg2 Rf5 20. Nd6 Bxd6 21. Bxd6 Nf8
22. Bg3 e5 23. Bd1 Ng6 24. Kh2 Nh4 25. Bxh4 gxh4 26. Rg1+ Kh7 27. Bg4 Rf6 28.
Qe2 exd4 29. cxd4 Qd6+ 30. Kh1 Raf8 31. Rg2 Rg8 {Game drawn by mutual agreement}
1/2-1/2

[Event "Team 45 45 League T56"]
[Site "Internet Chess Club"]
[Date "2013.03.04"]
[Round "2"]
[White "Jack-ONeill"]
[Black "RedAttack"]
[Result "1-0"]
[WhiteElo "2051"]
[BlackElo "1832"]
[Opening "Trompowsky attack (Ruth, Opocenský opening)"]
[ECO "A45"]
[Time "10:01:08"]
[TimeControl "2700+45"]

1. d4 Nf6 2. Bg5 d5 3. Bxf6 exf6 4. e3 Nc6 5. c4 Bb4+ 6. Nc3 O-O 7. Bd3 Re8 8.
Ne2 Bg4 9. O-O Bxc3 10. bxc3 Ne7 11. Rb1 dxc4 12. Bxc4 Nd5 13. Qc2 Bxe2 14. Bxe2
Rb8 15. c4 Ne7 16. Bf3 c6 17. Qa4 a6 18. Rb2 Qc7 19. Rfb1 Red8 20. g3 f5 21. Qb4
b5 22. Qc5 Rdc8 23. a4 g6 24. cxb5 cxb5 25. Qxc7 Rxc7 26. axb5 axb5 27. Rxb5
Rxb5 28. Rxb5 Kg7 29. Kf1 Nc8 30. Rc5 Rxc5 31. dxc5 Kf6 32. Ke2 Ke6 33. Kd3 Ne7
34. Kc4 Kd7 35. Kb5 Kc7 36. c6 g5 37. Kc5 f6 38. Bg2 h5 39. Bf3 g4 40. Bg2 Ng6
41. Kd5 h4 42. Ke6 hxg3 43. hxg3 Ne5 44. Kxf6 Nd3 45. Kxf5 Nxf2 46. e4 Kxc6 47.
e5+ Kd7 48. Kf6 Nd3 49. e6+ {Black resigns} 1-0

[Event "Team 45 45 League T56"]
[Site "Internet Chess Club"]
[Date "2013.03.02"]
[Round "2"]
[White "IceBox"]
[Black "Ptzz"]
[Result "1/2-1/2"]
[WhiteElo "1897"]
[BlackElo "2123"]
[Opening "QGD Slav: exchange variation"]
[ECO "D13"]
[Time "05:13:23"]
[TimeControl "2700+45"]

1. Nf3 Nf6 2. c4 c6 3. d4 d5 4. cxd5 cxd5 5. Nc3 Nc6 6. Bf4 a6 7. e3 Bg4 8. Be2
e6 9. Ne5 Bxe2 10. Qxe2 Nxe5 11. Bxe5 Bd6 12. Bxd6 Qxd6 13. Rd1 O-O 14. O-O Rac8
15. f3 Rfd8 16. Qd3 e5 17. Rf2 h6 18. Qf5 exd4 19. Rxd4 Rc4 20. Rfd2 Qb4 21.
Rxc4 Qxc4 22. Rd4 Qc5 23. Qd3 Re8 24. Kf2 Qb6 25. Qd2 Re5 26. b3 h5 27. Nxd5
Nxd5 28. Rxd5 Rxd5 29. Qxd5 g6 30. Qe5 {Game drawn by mutual agreement} 1/2-1/2

[Event "Team 45 45 League T56"]
[Site "Internet Chess Club"]
[Date "2013.03.03"]
[Round "2"]
[White "Holgate"]
[Black "frank001"]
[Result "1-0"]
[WhiteElo "2028"]
[BlackElo "1796"]
[Opening "Sicilian: Najdorf"]
[ECO "B90"]
[Time "15:00:29"]
[TimeControl "2700+45"]

1. e4 c5 2. Nf3 d6 3. d4 cxd4 4. Nxd4 Nf6 5. Nc3 a6 6. f3 e5 7. Nb3 Be6 8. Be3
h5 9. Qd2 Nbd7 10. O-O-O Rc8 11. h3 Be7 12. Be2 h4 13. Bg5 b5 14. Kb1 Nb6 15.
Bd3 Nc4 16. Qe1 Nd7 17. Bxe7 Qxe7 18. Nd5 Qd8 19. Rf1 Ndb6 20. f4 Na4 21. Bxc4
bxc4 22. Na5 exf4 23. Nb7 Qd7 24. Nxd6+ Kf8 25. Nxc8 Qxc8 26. Qb4+ Nc5 27. Nb6
{Black resigns} 1-0

[Event "Team 45 45 League T56"]
[Site "Internet Chess Club"]
[Date "2013.02.28"]
[Round "2"]
[White "FlyingTiger"]
[Black "PandorasBox"]
[Result "1/2-1/2"]
[WhiteElo "1774"]
[BlackElo "1904"]
[Opening "French: Albin-Alekhine-Châtard attack"]
[ECO "C13"]
[Time "18:03:26"]
[TimeControl "2700+45"]

1. e4 e6 2. d4 d5 3. Nc3 Nf6 4. Bg5 Be7 5. e5 Nfd7 6. h4 h6 7. Bxe7 Qxe7 8. Qd2
Nc6 9. f4 Nb6 10. Nf3 Bd7 11. g4 O-O-O 12. O-O-O Qb4 13. Nb5 Qa4 14. Nc3 Qa5 15.
Kb1 Na4 16. Nxa4 Qxa4 17. Qc3 Qb4 18. Qxb4 Nxb4 19. a3 Nc6 20. Bb5 Ne7 21. Bd3
g6 22. g5 h5 23. Nd2 Kb8 24. Ka2 Rc8 25. Nb3 {Game drawn by mutual agreement}
1/2-1/2

[Event "Team 45 45 League T56"]
[Site "Internet Chess Club"]
[Date "2013.03.01"]
[Round "2"]
[White "chess9793"]
[Black "David1"]
[Result "1/2-1/2"]
[WhiteElo "2095"]
[BlackElo "2239"]
[Opening "Ruy Lopez: Archangelsk (counterthrust) variation"]
[ECO "C70"]
[Time "23:00:37"]
[TimeControl "2700+45"]

1. e4 e5 2. Nf3 Nc6 3. Bb5 a6 4. Ba4 b5 5. Bb3 Bb7 6. O-O Nf6 7. d3 Bc5 8. Be3
Bxe3 9. fxe3 O-O 10. Nc3 d6 11. Kh1 Na5 12. Qe1 h6 13. Nd5 Nxd5 14. Bxd5 c6 15.
Bb3 Nxb3 16. axb3 c5 17. b4 c4 18. Nh4 Rc8 19. Qg3 Kh7 20. Rf2 Qd7 21. Raf1 Rc7
22. Rf3 cxd3 23. cxd3 Qc6 24. Nf5 f6 25. Qh3 Bc8 26. Rg3 Bxf5 27. Qxf5+ Kh8 28.
h3 Qc2 29. d4 Qxb2 30. Qe6 Qxb4 31. dxe5 dxe5 32. Qxa6 Qc5 33. Kh2 Rd7 34. Rgf3
b4 35. Qe6 Qe7 36. Qc4 Rc7 37. Qa2 Rc3 38. Rb1 Rb8 39. Qd2 Qc5 40. Qd7 Qb5 41.
Qf7 Qb7 42. Qg6 Rc2 43. Rb3 Qa7 44. Rg3 Qe7 45. Qg4 Qf7 46. Rd3 Rc7 47. Qd1 b3
48. Rd8+ Rxd8 49. Qxd8+ Kh7 50. Qd2 Rc2 51. Qd3 Qb7 52. Rg4 b2 53. Qxc2 b1=Q 54.
Qd2 Qa7 55. Qd5 h5 56. Rg3 Qaa1 57. Rxg7+ Kxg7 58. Qf7+ Kh6 59. Qxf6+ {Game
drawn by mutual agreement} 1/2-1/2

[Event "Team 45 45 League T56"]
[Site "Internet Chess Club"]
[Date "2013.02.28"]
[Round "2"]
[White "HematiteBrown"]
[Black "ben622"]
[Result "1-0"]
[WhiteElo "2085"]
[BlackElo "2015"]
[Opening "Alekhine's defense: Balogh variation"]
[ECO "B03"]
[Time "20:36:58"]
[TimeControl "2700+45"]

1. e4 Nf6 2. e5 Nd5 3. d4 d6 4. Bc4 e6 5. Nf3 Be7 6. O-O O-O 7. c3 Nc6 8. exd6
Qxd6 9. Nbd2 b6 10. Qc2 Nf6 11. Bd3 Bb7 12. Re1 Qd5 13. Nf1 h6 14. Bf4 Bd6 15.
Bg3 Bxg3 16. Nxg3 Qd7 17. Rad1 Ne7 18. Qe2 Bxf3 19. Qxf3 Qd5 20. Ne4 Nd7 21. c4
Qf5 22. Qg3 Qa5 23. Nc3 Rac8 24. d5 e5 25. Kh1 Qb4 26. b3 f5 27. Nb5 a6 28. a3
Qxb3 29. Nxc7 Nc5 30. d6 Nc6 31. Nd5 e4 32. Bf1 Qxg3 33. hxg3 Rfd8 34. Nxb6 Rb8
35. Nd5 Kf7 36. Nc7 Nb7 37. Nxa6 {Black resigns} 1-0

[Event "Team 45 45 League T56"]
[Site "Internet Chess Club"]
[Date "2013.03.01"]
[Round "2"]
[White "stile"]
[Black "pmcglothin"]
[Result "1/2-1/2"]
[WhiteElo "1794"]
[BlackElo "1842"]
[Opening "Pirc: Austrian attack, 6.Bd3"]
[ECO "B06"]
[Time "14:31:17"]
[TimeControl "2700+45"]

1. e4 g6 2. d4 Bg7 3. Nc3 d6 4. f4 Nf6 5. Nf3 O-O 6. Bd3 Nc6 7. Be3 Ng4 8. Bg1
e5 9. fxe5 dxe5 10. d5 Nd4 11. h3 Nxf3+ 12. Qxf3 Nf6 13. O-O-O Qe7 14. g4 Bd7
15. Be3 a6 16. Rdf1 Qd6 17. Bg5 Ne8 18. Qe3 b5 19. Bh6 b4 20. Ne2 Bb5 21. Bxg7
Kxg7 22. Ng3 Bxd3 23. Qxd3 Qb6 24. Rf3 Nd6 25. Rhf1 f6 26. h4 a5 27. g5 fxg5 28.
hxg5 Qb5 29. Qe3 Qd7 30. Qf2 Rxf3 31. Qxf3 Qe7 32. Qf6+ Qxf6 33. Rxf6 Rf8 34.
Rxf8 Kxf8 35. Kd2 Nf7 36. c4 Ke7 37. c5 Nxg5 38. Ke3 h5 39. Nf1 h4 40. Nh2 Nf7
41. Kf3 Ng5+ 42. Ke3 Nh7 43. Ng4 h3 44. Kf3 Ng5+ 45. Ke3 Nf7 46. Kf3 Kd7 47. Kg3
Ke7 48. Nf2 Ng5 49. Kh2 Nf7 {Game drawn by mutual agreement} 1/2-1/2

[Event "Team 45 45 League T56"]
[Site "Internet Chess Club"]
[Date "2013.03.02"]
[Round "2"]
[White "FourKnights"]
[Black "leland"]
[Result "0-1"]
[WhiteElo "1749"]
[BlackElo "1910"]
[Opening "Grünfeld: modern exchange variation"]
[ECO "D85"]
[Time "17:03:00"]
[TimeControl "2700+45"]

1. d4 Nf6 2. c4 g6 3. Nc3 d5 4. cxd5 Nxd5 5. e4 Nxc3 6. bxc3 Bg7 7. Nf3 O-O 8.
Be2 c5 9. O-O Nc6 10. Be3 Qa5 11. Qc2 Rd8 12. Rad1 Bd7 13. d5 Ne5 14. Rc1 Rac8
15. Nxe5 Bxe5 16. c4 a6 17. Bd2 Qc7 18. h3 b5 19. Bg5 Qd6 20. Bd3 b4 21. Be3 a5
22. f4 Bc3 23. Qf2 Bg7 24. e5 Qb6 25. Rb1 a4 26. Bc2 Rc7 27. Rfd1 Be8 28. Kh1 f6
29. e6 f5 30. Kh2 Rb8 31. Qd2 Bc3 32. Qf2 Qd6 33. Kh1 Ra8 34. Kg1 Ra5 35. Kh1
Qa6 36. Qe2 Rb7 37. Bd2 Bf6 38. Qd3 Qd6 39. Rf1 Ra8 40. Rf3 Rab8 41. Be1 Qa6 42.
Bf2 Qd6 43. Qd1 Ra8 44. Be1 Qa6 45. Qd3 Rd8 46. Bf2 Rc7 47. Be1 Bc6 48. Bf2 b3
49. axb3 a3 50. Qf1 a2 51. Ra1 Bxd5 52. cxd5 Qxf1+ 53. Rxf1 Rxd5 54. Rd3 Rxd3
55. Bxd3 a1=Q 56. Rxa1 Bxa1 57. Bc4 Kg7 58. g3 h6 59. Kg2 Kf6 60. Kf3 Bc3 61. g4
g5 62. h4 gxf4 63. Kxf4 Bd2+ 64. Kf3 Rc8 65. gxf5 Kxf5 66. Ke2 Bf4 67. Kf3 Bd2
68. Ke2 Bc1 69. Kf3 Ke5 70. Bg3+ Kd4 71. Bf2+ Ke5 72. Bg3+ Kf6 73. Bf2 Bb2 74.
Be3 Kg6 75. Bd3+ Kh5 76. Kg3 Be5+ 77. Kh3 Bg7 78. Be2+ Kg6 79. Bc4 Kf5 80. Kg3
Be5+ 81. Kf3 Bg7 82. Bf2 Bf6 83. Ke2 Kg4 84. Be3 h5 85. Kd2 Kxh4 86. Bf2+ Kh3
87. Bf1+ Kh2 88. Be2 h4 {White resigns} 0-1

[Event "Team 45 45 League T56"]
[Site "Internet Chess Club"]
[Date "2013.03.05"]
[Round "2"]
[White "Portola"]
[Black "Bluecat"]
[Result "1/2-1/2"]
[WhiteElo "1872"]
[BlackElo "1973"]
[Opening "Queen's bishop game"]
[ECO "D02"]
[Time "13:00:39"]
[TimeControl "2700+45"]

1. d4 d5 2. Nf3 Nf6 3. Bf4 Bf5 4. h3 e6 5. e3 Nbd7 6. c3 Be7 7. Nbd2 O-O 8. Be2
c5 9. O-O Qb6 10. Qc1 Bd6 11. Bxd6 Qxd6 12. Re1 Rac8 13. Nh4 Be4 14. Nxe4 dxe4
15. g3 e5 16. dxc5 Nxc5 17. Rd1 Qe6 18. Kh2 Rfd8 19. Qc2 g5 20. Ng2 Qf5 21. Bf1
h5 22. Ne1 Kg7 23. Rd2 Rxd2 24. Qxd2 Ne6 25. Qc2 Rh8 26. Kg1 Nd5 27. Rd1 Nf6 28.
Bg2 a6 29. Qe2 g4 30. h4 Rd8 31. Rxd8 Nxd8 32. Qd2 Nc6 33. Nc2 Qe6 34. b3 Ne7
35. c4 Kg6 36. Na3 Qc6 37. Nb1 Nd7 38. Nc3 f5 39. Bf1 Kf6 40. Be2 b6 41. Nd5+
Kf7 42. Nb4 Qc8 43. Qd6 Qc5 44. Qd2 a5 45. Nd5 Nxd5 46. cxd5 Ke7 47. a4 Nf6 48.
Bc4 Kd6 49. Kf1 Nxd5 50. Ke2 Qc6 51. Kf1 Kc5 52. Bb5 Qb7 53. Be8 Qa6+ 54. Bb5
Qa8 55. Bd7 Ne7 56. Be6 Qc6 57. Bf7 Qf6 {Game drawn by mutual agreement} 1/2-1/2